 Dungeon Crawl Stone Soup version 0.22.1-6-g1668fe2 (webtiles) character file.

179 Fang the Skirmisher (level 5, 0/34 HPs)
             Began as a Gargoyle Berserker on Jan 22, 2019.
             Was a Believer of Trog.
             Slain by Grinder (5 damage)
             ... while paralysed by Grinder
             ... on level 3 of the Dungeon.
             The game lasted 00:01:25 (1699 turns).

Fang the Skirmisher (Gargoyle Berserker)            Turns: 1699, Time: 00:01:26

Health: 0/34       AC:  9    Str: 22    XL:     5   Next: 59%
Magic:  5/5        EV:  2    Int:  7    God:    Trog [**....]
Gold:   212        SH:  0    Dex:  9    Spells: 4/4 levels left

rFire    . . .     SeeInvis .   m - +0 war axe (drain)
rCold    . . .     Gourm    .   (no shield)
rNeg     + . .     Faith    .   b - +0 animal skin
rPois    ∞         Spirit   .   (no helmet)
rElec    +         Reflect  .   o - +2 cloak
rCorr    .         Harm     .   (no gloves)
MR       .....                  (no boots)
Stlth    +.........             (no amulet)
HPRegen  0.11/turn              (no ring)
MPRegen  0.09/turn              (no ring)

@: paralysed
A: negative energy resistance 1, electricity resistance, unbreathing,
petrification resistance, rot immunity, AC +4
a: Berserk, Trog's Hand, Renounce Religion


You were on level 3 of the Dungeon.
You worshipped Trog.
Trog was pleased with you.
You were not hungry.

You visited 1 branch of the dungeon, and saw 3 of its levels.

You collected 212 gold pieces.

Inventory:

Hand Weapons
 m - a +0 war axe of draining (weapon)
Armour
 b - a +0 animal skin (worn)
 o - a +2 cloak (worn)
Wands
 p - a wand of flame (30)
Scrolls
 d - 3 scrolls of fear {unknown}
 e - a scroll of teleportation {unknown}
 f - a scroll of amnesia {unknown}
 g - a scroll of enchant weapon {unknown}
 h - 2 scrolls of identify {unknown}
 j - a scroll of random uselessness {unknown}
 k - 2 scrolls of remove curse {unknown}
 n - a scroll of noise {unknown}
 r - a scroll of magic mapping {unknown}
Potions
 a - 2 potions of might {unknown}
 i - a potion of agility {unknown}
 l - a potion of curing {unknown}
 q - a potion of degeneration {unknown}
Comestibles
 c - 5 rations


   Skills:
 + Level 4.4 Fighting
 + Level 4.1 Axes
 + Level 2.3 Armour
 + Level 2.6 Dodging
 + Level 0.8 Stealth


You had 4 spell levels left.
You didn't know any spells.
Your spell library was empty.

Dungeon Overview and Level Annotations

Branches:
Dungeon (3/15)

Altars:

Annotations:
D:3 1 runed door, Coldstonesans's ghost, amateur TeAE; Grinder


Innate Abilities, Weirdness & Mutations

You are resistant to torment.
Your stone body is resilient. (AC +4)
You are immune to poison.
You resist negative energy. (rN+)
You are resistant to electric shocks. (rElec)
You can survive without breathing.
You are immune to petrification.
You are immune to rotting.


Message History

You swing at nothing.
Grinder blinks!
You swing at nothing.
You swing at nothing.
Grinder gestures at you. Pain shoots through your body!
* * * LOW HITPOINT WARNING * * *
You swing at nothing.
Grinder gestures at you. Pain shoots through your body!
* * * LOW HITPOINT WARNING * * *
You swing at nothing.
You hit Grinder. Grinder hits you but does no damage. Grinder gestures at you.
You suddenly lose the ability to move!
Grinder gestures at you. Pain shoots through your body!
* * * LOW HITPOINT WARNING * * *
Grinder hits you but does no damage. Grinder hits you.
You die...

############
#..........#
#..........###
###########....(.>.....#
..........'....5@....#..
#.#########..........#
#.# #..........#
#.#########..........#
#.#.......#####.#..###
#.#.......# #.#..#
#.#.......# #.#..#
#.#.†.....# #. ..#
#.#.......#


You could see Grinder.

Vanquished Creatures
  Ijyb (D:3)
  Terence (D:2)
  Natasha (D:3)
  A worker ant (D:2)
  3 adders
  3 worms (D:3)
  2 dart slugs
  A leopard gecko (D:3)
  An orc (D:3)
  A ball python (D:1)
  4 giant cockroaches
  3 goblins
  5 hobgoblins
  2 jackals (D:1)
  2 kobolds
  4 bats
  3 frilled lizards
  5 rats
43 creatures vanquished.

Notes
Turn   | Place    | Note
-------+----------+-------------------------------------------
     0 | D:1      | Fang the Gargoyle Berserker began the quest for the Orb.
     0 | D:1      | Reached XP level 1. HP: 14/14 MP: 1/1
    56 | D:1      | Reached XP level 2. HP: 19/19 MP: 2/2
   927 | D:2      | Reached XP level 3. HP: 24/24 MP: 3/3
   944 | D:2      | Noticed Terence
   966 | D:2      | Killed Terence
  1269 | D:2      | Reached XP level 4. HP: 20/29 MP: 4/4
  1424 | D:3      | Noticed Natasha
  1427 | D:3      | Killed Natasha
  1477 | D:3      | Reached XP level 5. HP: 33/33 MP: 5/5
  1485 | D:3      | Noticed Ijyb
  1493 | D:3      | Killed Ijyb
  1547 | D:3      | Reached ** piety under Trog
  1585 | D:3      | Found a runed door.
  1587 | D:3      | Noticed Coldstonesans's ghost (amateur TeAE)
  1587 | D:3      | Noticed a wyvern
  1662 | D:3      | Noticed Grinder
  1665 | D:3      | Paralysed by Grinder for 2 turns
  1680 | D:3      | Paralysed by Grinder for 3 turns
  1696 | D:3      | Paralysed by Grinder for 5 turns
  1699 | D:3      | Slain by Grinder

Skill      XL: |  1  2  3  4  5 |
---------------+----------------+-----
Axes           | 3 4 |  4.1
Fighting       | 4 |  4.4
Dodging        | 2 |  2.6
Armour         | |  2.3
Stealth        | |  0.8

Action                   |  1- 3 |  4- 6 || total
-------------------------+-------+-------++-------
Melee: Hand axe          |    88 |       ||    88
       War axe           |     9 |    47 ||    56
Invok: Berserk           |     1 |       ||     1
  Eat: Chunk             |     2 |     2 ||     4
Armor: Animal skin       |    39 |    27 ||    66
Dodge: Dodged            |    74 |    28 ||   102
